 Dungeon Crawl Stone Soup version 0.21-a0-414-gba8bdf1 (webtiles) character file.

47 trolface1997 the Slasher (level 3, 0/27 HPs)
             Began as a Vampire Gladiator on Nov 2, 2017.
             Succumbed to a scorpion's poison
             ... on level 4 of the Dungeon.
             The game lasted 00:13:29 (1387 turns).

trolface1997 the Slasher (Vampire Gladiator)        Turns: 1387, Time: 00:13:30

Health: 0/27       AC:  8    Str: 13    XL:     3   Next: 48%
Magic:  3/3        EV: 13    Int: 11    God:
Gold:   45         SH:  0    Dex: 18    Spells: 2/2 levels left

rFire    . . .     SeeInvis +   a - +0 long sword
rCold    . . .     Gourm    .   (no shield)
rNeg     + . .     Faith    .   b - +0 leather armour
rPois    .         Spirit   .   c - +1 helmet
rElec    .         Reflect  .   (no cloak)
rCorr    .         Harm     .   g - +2 pair of gloves {Dex+3}
MR       .....                  (no boots)
Stlth    ++........             (no amulet)
HPRegen  0.09/turn              (no ring)
MPRegen  0.08/turn              (no ring)

@: lethally poisoned (0 -> -13)
A: fangs 3, see invisible, unbreathing
a: Bat Form


You were on level 4 of the Dungeon.
You were not thirsty.

You visited 1 branch of the dungeon, and saw 3 of its levels.

You collected 45 gold pieces.

Inventory:

Hand Weapons
 a - a +0 long sword (weapon)
 l - a +2 whip of flaming
Missiles
 d - 3 throwing nets
 j - 79 stones (quivered)
Armour
 b - a +0 leather armour (worn)
 c - a +1 helmet (worn)
 g - a +2 pair of gloves of dexterity (worn)
 h - a +0 robe
 k - a +0 leather armour
 o - a +0 ring mail
Jewellery
 q - an uncursed ring of stealth {unknown}
Scrolls
 i - a scroll of remove curse {unknown}
 n - 3 scrolls of identify {unknown}
Potions
 e - 8 potions of blood


   Skills:
 + Level 2.2 Fighting
 + Level 3.3 Long Blades
 - Level 1.5 Throwing
 * Level 1.4 Armour
 - Level 3.2 Dodging
 + Level 2.1 Stealth


You had 2 spell levels left.
You didn't know any spells.

Dungeon Overview and Level Annotations

Branches:
Dungeon (2/15)

Altars:


Innate Abilities, Weirdness & Mutations

You have razor-sharp teeth.
You have supernaturally acute eyesight. (SInv)
You can survive without breathing.


Message History

As you read the scroll of teleportation, it crumbles to dust.
You feel strangely unstable. The scorpion completely misses you.
You feel sick. The scorpion stings you.
* * * LOW HITPOINT WARNING * * *
You are lethally poisoned!
The scorpion poisons you!
* * * LOW HITPOINT WARNING * * *
You feel sick.
Your surroundings suddenly seem different.
* * * LOW HITPOINT WARNING * * *
You feel sick.
Found a mace and 17 poisoned needles.
A jackal skeleton comes into view.
Yummy - fresh blood!
* * * LOW HITPOINT WARNING * * *
You feel sick.
As you read the scroll labeled BIALAQ NE GILO, it crumbles to dust.
You hear a loud clanging noise!
It was a scroll of noise.
You die...

....#######
#.......(.#
#.........#
#...Z...).#
#.........#
#.........#
#.........#
#.....@...#
###########


You could see a jackal skeleton (dormant).

Vanquished Creatures
  An adder (D:2)
  An ooze (D:1)
  A dart slug (D:1)
  2 leopard geckos
  An orc (D:2)
  2 bats (D:1)
  A giant cockroach (D:1)
  5 goblins (D:1)
  2 hobgoblins (D:1)
  2 quokkas (D:2)
  2 frilled lizards (D:1)
  5 kobolds (D:1)
  3 rats
28 creatures vanquished.

Notes
Turn   | Place    | Note
-------+----------+-------------------------------------------
     0 | D:1      | trolface1997 the Vampire Gladiator began the quest for the Orb.
     0 | D:1      | Reached XP level 1. HP: 16/16 MP: 1/1
   153 | D:1      | Reached skill level 1 in Stealth
   153 | D:1      | Reached XP level 2. HP: 22/22 MP: 2/2
   506 | D:1      | Reached skill level 1 in Armour
  1002 | D:1      | Reached XP level 3. HP: 27/27 MP: 3/3
  1366 | D:2      | You fall through a shaft for 2 floors!
  1366 | D:4      | Noticed a scorpion
  1387 | D:4      | Succumbed to a scorpion's poison

Vault maps used:
D:1:      dpeg_arrival_radiant
D:4:      first_bread, lightli_ossuary_entry_decrepit_ruins

Skill      XL: |  1  2  3 |
---------------+----------+-----
Stealth        | 1 2 |  2.1
Fighting       | 2 |  2.2
Armour         | 1 |  1.4
Long Blades    | |  3.3
Throwing       | |  1.5
Dodging        | |  3.2

Action                   || total
-------------------------++-------
Melee: Long sword        ||    84
       Bite              ||    18
Throw: Stone             ||    11
  Use: Scroll            ||     4
       Potion            ||     4
 Stab: Sleeping          ||     2
  Eat: Corpse            ||     1
Armor: Leather armour    ||    28
Dodge: Dodged            ||    58
       Rpst.: Long sword ||    21

Table legend:
 A = Spawn XP
 B = Non-spawn XP
 C = Spawn XP percentage of total XP
 D = Spawn monster count
 E = Non-spawn monster count
 F = Spawn count percentage of total count
 G = Total turns spent on level
                    A         B        C        D         E        F      G
               +---------+---------+-------+---------+---------+-------+---------
         Total |       0 |      68 |   0.0 |       0 |      28 |   0.0 |  1387
               +---------+---------+-------+---------+---------+-------+---------
           D:1 |       0 |      43 |   0.0 |       0 |      22 |   0.0 |  1265
           D:2 |       0 |      25 |   0.0 |       0 |       6 |   0.0 |   101
               +---------+---------+-------+---------+---------+-------+---------
